 Dungeon Crawl Stone Soup version 0.28.0-45-g0d030f2227 (webtiles) character file.

Game seed: 5492802719678623102

268 Zeor the Twirler (level 6, -6/36 HPs)
             Began as a Gargoyle Gladiator on Apr 4, 2022.
             Mangled by a bullfrog (7 damage)
             ... in a sewer.
             The game lasted 00:06:56 (2447 turns).

Zeor the Twirler (Gargoyle Gladiator)               Turns: 2447, Time: 00:06:57

Health: -6/36      AC: 12    Str: 19    XL:     6   Next: 21%
Magic:  6/6        EV: 10    Int:  9    God:
Gold:   47         SH:  0    Dex: 11    Spells: 5/5 levels left

rFire   . . .      SeeInvis .   a - +0 quarterstaff
rCold   . . .      Faith    .   (shield currently unavailable)
rNeg    + . .      Spirit   .   e - +0 scale mail
rPois   ∞          Reflect  .   c - +1 helmet
rElec   +          Harm     .   (no cloak)
rCorr   .          Rampage  .   (no gloves)
Will    .....                   (no boots)
Stlth   ..........              (no amulet)
HPRegen 0.12/turn               (no ring)
MPRegen 0.10/turn               (no ring)

@: no status effects
A: sickness immunity, AC +4, negative energy resistance 1, electricity
resistance, torment resistance 1, petrification resistance
a: no special abilities


You were in a sewer.
You visited 1 branch of the dungeon, and saw 3 of its levels.
You also visited: Sewer.

You collected 47 gold pieces.

Inventory:

Hand Weapons
 a - a +0 quarterstaff (weapon)
 f - a +0 trident
 g - a +0 trident
Missiles
 b - 18 arrows
 d - 3 throwing nets (quivered)
Armour
 c - a +1 helmet (worn)
 e - a +0 scale mail (worn)
Potions
 h - a potion of flight
 j - a potion of ambrosia {unknown}


   Skills:
 + Level 2.7 Fighting
 * Level 5.8 Staves
 + Level 1.8 Throwing
 + Level 1.5 Armour
 + Level 3.0 Dodging
 + Level 0.6 Stealth


You had 5 spell levels left.
You didn't know any spells.
Your spell library was empty.

Dungeon Overview and Level Annotations

Branches:
Dungeon (3/15)              Sewer (1/1)

Altars:
Ashenzari


Innate Abilities, Weirdness & Mutations

You are immune to sickness and miasma.
Your stone body is resilient. (AC +4)
You are immune to poison.
You resist negative energy. (rN+)
You are resistant to electric shocks. (rElec)
You are resistant to unholy torment.
You are immune to petrification.


Message History

You hit the bullfrog but do no damage.
The bullfrog is severely wounded.
The bullfrog hits you but does no damage.
You hit the bullfrog but do no damage.
The bullfrog is severely wounded.
The bullfrog closely misses you.
The bullfrog hits you but does no damage.
You completely miss the bullfrog.
The bullfrog is severely wounded.
The bullfrog hits you.
You hit the bullfrog.
The bullfrog is almost dead.
The bullfrog hits you. The bullfrog barely misses you.
You are too injured to fight recklessly!
You hit the bullfrog.
The bullfrog is almost dead.
The bullfrog hits you but does no damage.
You barely miss the bullfrog.
The bullfrog is almost dead.
The bullfrog completely misses you.
The bullfrog hits you but does no damage.
You hit the bullfrog but do no damage.
The bullfrog is almost dead.
The bullfrog hits you!
* * * LOW HITPOINT WARNING * * *
You hit the bullfrog.
The bullfrog is almost dead.
The bullfrog hits you.
* * * LOW HITPOINT WARNING * * *
The bullfrog barely misses you.
You completely miss the bullfrog.
The bullfrog is almost dead.
The bullfrog closely misses you.
Okay, then.
You barely miss the bullfrog.
The bullfrog is almost dead.
The bullfrog hits you.
* * * LOW HITPOINT WARNING * * *
The bullfrog hits you!
You die...

▒∙▒ ▒∙≈≈≈∙≈≈≈≈≈≈≈≈ ▒∙▒
▒∩▒ ▒∙≈≈≈∙≈≈≈≈≈∙∙≈≈≈≈
▒†▒ ▒∙▒
▒∙≈≈≈≈≈≈≈≈≈(∙≈≈≈≈ ▒∙▒
▒∩▒ ▒∙≈≈≈≈≈≈≈∙?((∙≈≈≈≈
▒∙▒ ▒∙▒
▒∙≈≈≈≈≈≈≈∙≈)?≈≈≈≈≈▒ ▒∙▒
▒▒▒ ▒∙≈≈≈≈≈≈∙≈≈≈∙≈≈≈≈≈▒
▒∙▒ ▒∙≈≈≈≈≈≈≈≈≈∙∙≈≈≈≈≈▒
▒∙▒ ▒∙≈≈≈≈≈≈≈≈∙∙≈∙≈≈≈▒
▒≈▒ ▒∙≈≈≈≈≈≈≈9≈∙≈∙∩≈≈▒
▒†▒ ▒∙≈≈≈≈≈≈≈≈F≈≈≈≈≈≈▒
▒∙▒ ▒∙≈≈≈≈≈≈≈≈≈≈≈≈≈≈▒
▒≈▒ ▒∙≈≈≈≈≈≈≈≈≈≈≈≈≈≈▒
▒≈▒ ▒∙≈≈≈∙≈≈≈≈≈≈≈≈≈▒▒
▒≈▒
▒∙≈≈≈∙≈≈≈≈≈≈≈≈▒▒▒▒▒▒▒▒≈▒
▒∙≈≈≈≈∙∙†≈≈≈≈≈≈≈≈≈∙≈≈≈≈▒
▒∙≈≈≈≈≈≈†≈≈≈≈≈≈≈≈≈≈≈≈≈≈▒
▒∙≈≈≈≈≈≈≈≈≈≈≈≈≈≈≈≈≈≈≈≈∙▒


You could see a bullfrog.

Vanquished Creatures
  A scorpion (D:2)
  Natasha (thrice) (D:2)
  8 adders
  A dart slug (D:2)
  An orc (D:3)
  4 bats
  2 endoplasms (D:3)
  8 giant cockroaches
  2 goblins (D:1)
  4 hobgoblins
  3 jackals (D:1)
  8 quokkas
  A ball python (D:1)
  8 frilled lizards
  4 kobolds
  9 rats
67 creatures vanquished.

Notes
Turn   | Place    | Note
-------+----------+-------------------------------------------
     0 | D:1      | Zeor the Gargoyle Gladiator began the quest for the Orb.
     0 | D:1      | Reached XP level 1. HP: 12/12 MP: 1/1
   362 | D:1      | Reached XP level 2. HP: 18/18 MP: 2/2
   783 | D:2      | Found a broken altar of Ashenzari.
   935 | D:2      | Reached XP level 3. HP: 19/22 MP: 3/3
  1088 | D:2      | Noticed a scorpion
  1101 | D:2      | Killed a scorpion
  1102 | D:2      | Reached skill level 4 in Staves
  1102 | D:2      | Reached XP level 4. HP: 9/27 MP: 4/4
  1577 | D:2      | Noticed Natasha
  1584 | D:2      | Killed Natasha
  1585 | D:2      | Reached skill level 1 in Armour
  1585 | D:2      | Reached XP level 5. HP: 18/31 MP: 5/5
  1768 | D:2      | Noticed Natasha
  1774 | D:2      | Killed Natasha
  1775 | D:2      | Reached skill level 5 in Staves
  1864 | D:2      | Noticed Natasha
  1870 | D:2      | Killed Natasha
  2148 | D:3      | Found a glowing drain.
  2167 | Sewer    | Entered a sewer
  2296 | Sewer    | Reached XP level 6. HP: 35/36 MP: 6/6
  2447 | Sewer    | HP: 1/36 [bullfrog (5)]
  2447 | Sewer    | Mangled by a bullfrog

Illustrated notes

Levels and vault maps discovered:
D:1:      lightli_iron_boxes, layout_loops_ring
D:2:      layout_basic, basic_altar, dk_noncrumbling_3, uniq_natasha
D:3:      layout_basic, dreamdust_ecumenical_altar_drowned_temple,
          gup_sewer_entry_bubbles, serial_shops,
          nicolae_shop_overgrown_old_shop, nicolae_shop_bloodbath_and_beyond,
          shop, bh_walls_and_bars
Sewer:    sewer_frog_island_01

Skill      XL: |  1  2  3  4  5  6 |
---------------+-------------------+-----
Staves         | 4 5 |  5.8
Armour         | 1 |  1.5
Dodging        | 3 |  3.0
Fighting       | |  2.7
Throwing       | |  1.8
Stealth        | |  0.6

Action                   |  1- 3 |  4- 6 || total
-------------------------+-------+-------++-------
Melee: Quarterstaff      |    67 |   173 ||   240
  Use: Scroll            |     3 |     3 ||     6
Armor: Leather armour    |    10 |       ||    10
       Ring mail         |     9 |    10 ||    19
       Scale mail        |       |    69 ||    69
Dodge: Dodged            |    38 |    77 ||   115
